 Dungeon Crawl Stone Soup version 0.17-a0-1533-g2f57bce (webtiles) character file.

34932 ololoev the Reanimator (level 13, -3/79 HPs)
             Began as a Vampire Necromancer on July 16, 2015.
             Was a Follower of Ru.
             Slain by an iguana (7 damage)
             ... on level 13 of the Dungeon.
             The game lasted 01:29:47 (17680 turns).

ololoev the Reanimator (Vampire Necromancer)       Turns: 17680, Time: 01:29:48

Health: -3/79      AC:  8    Str: 11    XL:     13   Next: 44%
Magic:  10/42      EV: 18    Int: 22    God:    Ru [*.....]
Gold:   230        SH: 16    Dex: 19    Spells: 5 memorised, 8 levels left

rFire  . . .     SeeInvis +     a - +3 dagger (venom)
rCold  . . .     Clarity  .     K - +2 robe of Ziruheru {Str+4 Int+2 Dex+4 Slay+5}
rNeg   + . .     SustAt   .     l - +4 shield of Soakk {MP+9}
rPois  .         Gourm    .     (helmet restricted)
rElec  .         Spirit   .     C - +0 cloak
rCorr  .         Warding  .     w - +2 pair of gloves
rMut   .         Stasis   .     (no boots)
MR     +....                    z - amulet of rage
Stlth  +++++.....               A - +3 ring of evasion
                                y - ring of magical power

@: about to teleport, regenerating (expiring), repel missiles, somewhat
resistant to hostile enchantments, quite stealthy
A: antennae 1, fangs 3, see invisible, blink 1, spit poison 1, weak 1,
unbreathing, hated by all
a: Spit Poison, Bat Form, Blink, Renounce Religion, Evoke Berserk Rage


Innate Abilities, Weirdness & Mutations

You have razor-sharp teeth.
You have supernaturally acute eyesight.
You are weak. (Str -2)
You can survive without breathing.
You are hated by all.
You have a pair of small antennae on your head.
You can translocate small distances at will.
You can spit weak poison.

Inventory:

Hand weapons
 a - a +3 dagger of venom (weapon)
 b - a +0 blowgun
 i - a +4 short sword
Missiles
 v - 145 poisoned needles
Armour
 l - the +4 shield of Soakk (worn) {MP+9}
   (You found it on level 5 of the Dungeon)

   It affects your magic capacity (+9).
 w - a +2 pair of gloves (worn)
 C - a +0 cloak (worn)
 K - the +2 robe of Ziruheru (worn) {Str+4 Int+2 Dex+4 Slay+5}
   (You bought it in a shop on level 11 of the Dungeon)

   It affects your strength (+4).
   It affects your intelligence (+2).
   It affects your dexterity (+4).
   It affects your accuracy and damage with ranged weapons and melee attacks
   (+5).
Jewellery
 d - an uncursed ring of protection from cold
 y - a ring of magical power (left hand)
 z - an amulet of rage (around neck)
 A - a +3 ring of evasion (right hand)
 B - an uncursed ring of flight
Magical devices
 o - a wand of fireball (5)
 t - a wand of draining (3)
 u - a wand of random effects (16)
 E - a wand of draining (10)
 J - a wand of teleportation (6)
Scrolls
 e - 4 scrolls of amnesia
 f - a scroll of fear
 g - 9 scrolls of enchant weapon
 h - 4 scrolls of teleportation
 k - 3 scrolls of magic mapping
 n - 9 scrolls of remove curse
 p - 3 scrolls of recharging
 r - a scroll of fog
 G - 2 scrolls of enchant armour
Potions
 c - 3 potions of heal wounds
 j - 2 potions of magic
 m - a potion of ambrosia
 q - 3 potions of cancellation
 s - a potion of resistance
 x - 2 potions of berserk rage
 D - 2 potions of might
 H - 4 potions of curing
Books
 F - a book of Death

   Spells                             Type                      Level
   a - Corpse Rot                     Necromancy                   2
   b - Sublimation of Blood           Necromancy                   2
   c - Agony                          Necromancy                   5
   d - Dispel Undead                  Necromancy                   5
   e - Excruciating Wounds            Charms/Necromancy            5
   f - Bolt of Draining               Conjuration/Necromancy       5


   Skills:
 - Level 10.3 Short Blades
 - Level 5.4 Dodging
 + Level 8.1 Stealth
 * Level 12.5 Shields
 + Level 7.4 Spellcasting
 * Level 14.1 Necromancy


You had 8 spell levels left.
You knew the following spells:

 Your Spells              Type           Power        Failure   Level  Hunger
a - Agony                 Necr           ######..     1%          5    #####..
b - Vampiric Draining     Necr           ######....   1%          3    None
c - Regeneration          Chrm/Necr      #####.....   1%          3    None
d - Dispel Undead         Necr           ######..     1%          5    #####..
r - Repel Missiles        Chrm/Air       #.....       21%         2    None


You were on level 13 of the Dungeon.
You worshipped Ru.
Ru was aware of your devotion.
You were not thirsty.

You visited 1 branch of the dungeon, and saw 13 of its levels.
You also visited: Bailey and Ice Cave.

You collected 908 gold pieces.
You spent 678 gold pieces at shops.

#)#.......§§..
#(##.5..≈≈≈§≈§
##.####''##############
#..# #≈.........#≈≈§≈§§
#.## #≈.........#...≈≈§
####.#
#≈.........#.....§
.....#
#≈≈........'....$(
####.#
#≈§§§..e.o.'....() #
#.# ##≈§§...@l.e....:(
# #.. #§≈§≈..xQ.#.....|
# ####
#≈≈≈≈§§≈*≈#≈≈≈.§§ #
########### #≈§§§
############...#### ##§
##................#
.#.########.#####.# #
.#.......##.#
#.##.#####
.#..####...>#
#..^......

Notes
Turn   | Place    | Note
--------------------------------------------------------------
     0 | D:1      | ololoev the Vampire Necromancer began the quest for the Orb.
     0 | D:1      | Reached XP level 1. HP: 13/13 MP: 3/3
     2 | D:1      | Noticed a formicid
     2 | D:1      | Noticed a human
     2 | D:1      | Noticed an octopode
     2 | D:1      | Noticed a draconian
     2 | D:1      | Noticed a ghoul
     2 | D:1      | Noticed a draconian
     2 | D:1      | Noticed a kraken
     2 | D:1      | Noticed a ghoul
     2 | D:1      | Noticed an ogre
     2 | D:1      | Noticed a formicid
     2 | D:1      | Noticed a spriggan
     2 | D:1      | Noticed an ogre
     2 | D:1      | Noticed a vampire
     2 | D:1      | Noticed a naga
     2 | D:1      | Noticed a naga
     4 | D:1      | Killed an ogre
     5 | D:1      | Killed an octopode
     6 | D:1      | Killed a formicid
     6 | D:1      | Killed a human
     8 | D:1      | Killed a ghoul
     9 | D:1      | Killed an ogre
    10 | D:1      | Killed a spriggan
    10 | D:1      | Killed a draconian
    11 | D:1      | Killed a formicid
    11 | D:1      | Killed a naga
    12 | D:1      | Killed a vampire
    12 | D:1      | Killed a draconian
    17 | D:1      | Killed a ghoul
    18 | D:1      | Killed a naga
   269 | D:1      | Reached XP level 2. HP: 19/19 MP: 3/5
   278 | D:1      | Reached skill level 5 in Necromancy
   975 | D:2      | Reached XP level 3. HP: 18/24 MP: 0/6
   980 | D:2      | Learned a level 3 spell: Vampiric Draining
  1789 | D:3      | Reached skill level 1 in Short Blades
  2037 | D:3      | Reached skill level 6 in Necromancy
  2037 | D:3      | Reached XP level 4. HP: 25/30 MP: 1/7
  2644 | D:3      | Reached XP level 5. HP: 35/35 MP: 8/8
  2662 | D:3      | Learned a level 3 spell: Regeneration
  2700 | D:3      | Found a sacrificial altar of Ru.
  2708 | D:3      | Became a worshipper of Ru the Awakened
  2786 | D:3      | Found a burning altar of Makhleb.
  3369 | D:4      | Noticed Natasha
  3382 | D:4      | Killed Natasha
  3515 | D:4      | Reached skill level 7 in Necromancy
  3515 | D:4      | Reached XP level 6. HP: 39/41 MP: 9/9
  3548 | D:4      | Noticed Natasha
  3552 | D:4      | Killed Natasha
  4094 | D:4      | Noticed Natasha
  4100 | D:4      | Killed Natasha
  4167 | D:4      | Noticed a phantom
  4276 | D:4      | HP: 2/41 [gnoll/spear (5)]
  4411 | D:5      | Entered Level 5 of the Dungeon
  4422 | D:5      | Reached XP level 7. HP: 37/46 MP: 10/10
  4424 | D:5      | Paralysed by an orc for 5 turns
  4571 | D:5      | Gained mutation: You are hated by all. [Ru sacrifice]
  4571 | D:5      | Acquired Ru's first power
  4599 | D:5      | Reached skill level 8 in Necromancy
  4607 | D:5      | Noticed a water moccasin
  4630 | D:5      | Gained mutation: You can translocate small distances at will. [potion of beneficial mutation]
  4638 | D:5      | Killed a water moccasin
  4815 | D:5      | Reached XP level 8. HP: 26/52 MP: 9/11
  4831 | D:5      | Reached skill level 5 in Dodging
  4831 | D:5      | Reached skill level 9 in Necromancy
  4958 | D:5      | Reached skill level 5 in Short Blades
  5026 | D:5      | Identified Cabow's Disquisition on Aid (You found it on level 5 of the Dungeon)
  5031 | D:5      | Learned a level 2 spell: Repel Missiles
  5110 | D:5      | Found a shimmering altar of Xom.
  5241 | D:5      | Found a staircase to the Ecumenical Temple.
  5481 | D:5      | Got a smoking shield
  5487 | D:5      | Identified the +4 shield of Soakk {MP+9} (You found it on level 5 of the Dungeon)
  5614 | D:6      | Reached skill level 1 in Shields
  5696 | D:6      | Found a sparkling altar of Nemelex Xobeh.
  5808 | D:6      | Found an opulent altar of Gozag.
  6017 | D:6      | Gained mutation: You are weak. (Str -2) [Ru sacrifice]
  6296 | D:6      | Reached skill level 10 in Necromancy
  6296 | D:6      | Reached XP level 9. HP: 35/57 MP: 12/12
  7273 | D:7      | Reached skill level 5 in Shields
  8067 | D:8      | Found a glowing golden altar of the Shining One.
  8648 | D:8      | Found Viumpuke's Gadget Shoppe.
  8695 | D:8      | Reached XP level 10. HP: 50/63 MP: 13/13
  8770 | D:8      | Noticed Joseph
  8799 | D:8      | Killed Joseph
  9039 | D:8      | Reached skill level 11 in Necromancy
  9330 | D:8      | Found Teoguxt's Weapon Shop.
  9603 | D:9      | Found a flagged portal.
  9628 | Bailey   | Entered a bailey
 10027 | Bailey   | Gained mutation: You have a pair of small antennae on your head. [potion of beneficial mutation]
 10269 | Bailey   | Noticed an orc knight
 10295 | Bailey   | Killed an orc knight
 10356 | Bailey   | Noticed an orc knight
 10359 | Bailey   | Noticed an orc knight
 10394 | Bailey   | Killed an orc knight
 10491 | Bailey   | Noticed an orc knight
 10491 | Bailey   | Noticed an orc knight
 10524 | Bailey   | Killed an orc knight
 10658 | Bailey   | Killed an orc knight
 10741 | D:9      | Noticed Psyche
 10751 | D:9      | Killed Psyche
 10882 | D:9      | Reached XP level 11. HP: 42/68 MP: 14/14
 11537 | D:9      | Found a shadowy altar of Dithmenos.
 11598 | D:10     | Entered Level 10 of the Dungeon
 11749 | D:10     | Found a staircase to the Orcish Mines.
 11766 | D:10     | Noticed a hill giant
 11778 | D:10     | Killed a hill giant
 11862 | D:10     | Reached skill level 12 in Necromancy
 11884 | D:10     | Got a translucent war axe
 11924 | D:10     | Noticed a hill giant
 12075 | D:10     | Killed a hill giant
 12092 | D:10     | Noticed Urug
 12124 | D:10     | Killed Urug
 12731 | D:11     | Reached skill level 10 in Shields
 12776 | D:11     | Reached skill level 10 in Short Blades
 12893 | D:11     | Found a staircase to the Lair.
 13130 | D:11     | Found Fys Osom's Assorted Antiques.
 13147 | D:11     | Bought a scroll of identify for 44 gold pieces
 13147 | D:11     | Bought a scroll labeled JYEBLU CAN NUO for 22 gold pieces
 13147 | D:11     | Bought a warped steel ring for 110 gold pieces
 13147 | D:11     | Bought an opalescent robe for 125 gold pieces
 13147 | D:11     | Bought a bubbling dark potion for 19 gold pieces
 13147 | D:11     | Bought a scroll labeled JYEBLU CAN NUO for 22 gold pieces
 13157 | D:11     | Identified the +2 robe of Ziruheru {Str+4 Int+2 Dex+4 Slay+5} (You bought it in a shop on level 11 of the Dungeon)
 13160 | D:11     | Identified the ring of Siuwn {+/*Tele Int-2 Dex+5} (You bought it in a shop on level 11 of the Dungeon)
 13170 | D:11     | Noticed an unseen horror
 13173 | D:11     | Killed an unseen horror
 13528 | D:11     | Reached XP level 12. HP: 70/74 MP: 18/18
 13730 | D:12     | Noticed Kirke
 13746 | D:12     | Killed Kirke
 13746 | D:12     | Reached skill level 5 in Spellcasting
 14570 | D:12     | Gained mutation: You can spit weak poison. [potion of beneficial mutation]
 14688 | D:12     | Reached skill level 13 in Necromancy
 14772 | D:12     | Found Ytaecsi's Jewellery Shoppe.
 14792 | D:12     | Bought a +3 ring of evasion for 336 gold pieces
 15317 | D:13     | Found a frozen archway.
 15343 | IceCv    | Entered an ice cave
 15473 | IceCv    | Reached skill level 5 in Stealth
 16026 | IceCv    | Got a bloodstained shortbow
 16033 | IceCv    | Got a smoking morningstar
 16083 | IceCv    | Identified the +6 morningstar of the Shining Light {venom, +Fly MR- Str+8 Dex-4} (You found it in an ice cave)
 16101 | D:13     | Reached XP level 13. HP: 79/79 MP: 22/22
 16138 | D:13     | Noticed an eight-headed hydra
 16155 | D:13     | Killed an eight-headed hydra
 16288 | D:13     | Identified a scroll of acquirement
 16296 | D:13     | Learned a level 5 spell: Agony
 16302 | D:13     | Learned a level 5 spell: Dispel Undead
 17472 | D:13     | Noticed a centaur warrior
 17472 | D:13     | Noticed a centaur warrior
 17498 | D:13     | Killed a centaur warrior
 17498 | D:13     | Reached skill level 14 in Necromancy
 17507 | D:13     | Killed a centaur warrior
 17651 | D:13     | Found a runed gate.
 17651 | D:13     | Found a runed gate.
 17651 | D:13     | Found a runed gate.
 17657 | D:13     | Noticed a stone giant
 17659 | D:13     | Noticed a deep elf annihilator
 17661 | D:13     | Noticed a tengu reaver
 17662 | D:13     | Noticed a deep elf annihilator
 17676 | D:13     | Killed a stone giant
 17680 | D:13     | Slain by an iguana

Dungeon Overview and Level Annotations

Branches:
Dungeon (13/15)            Temple (0/1) D:5            Lair (0/8) D:11
    Orc (0/4) D:10
 Vaults: D:13-14

Altars:
Dithmenos
Gozag
Makhleb
Nemelex Xobeh
Ru
Xom
The Shining One

Shops:
D:8 }(   D:11 *   D:12 =


Message History

Confirm with . or Enter, or press ? or * to list all spells.
Aiming: Agony
Press: ? - help, Shift-Dir - straight line, f - tengu reaver
Aim: a tengu reaver, wielding a great sword of electrocution and wearing a scale mail (chance to defeat MR: 89%)
The tengu reaver convulses in agony!
Your skin is crawling a little less now.
You block the unseen horror's attack.
The deep elf annihilator closely misses you.
The crimson imp blinks!
The tengu reaver hits you with a great sword of electrocution!
You are electrocuted!
The tengu reaver pecks you. The tengu reaver misses you.
You block the orc's attack.
Casting: Agony
Confirm with . or Enter, or press ? or * to list all spells.
Aiming: Vampiric Draining
Press: ? - help, Shift-Dir - straight line, f/p - tengu reaver
Aim: a tengu reaver, wielding a great sword of electrocution and wearing a scale mail (heavily wounded)
The tengu reaver is severely wounded.
You feel life coursing into your body. You block the unseen horror's attack.
The unseen horror completely misses you.
You block the deep elf annihilator's attack.
The unseen horror closely misses you. The iguana misses you.
The tengu reaver hits you with a great sword of electrocution!!
The tengu reaver pecks you. You block the tengu reaver's attack.
The orc barely misses you.
Drink which item? (? for menu, Esc to quit)
You feel much better.
The unseen horror completely misses you.
The deep elf annihilator completely misses you.
You block the iguana's attack.
Read which item? (? for menu, Esc to quit)
As you read the scroll of teleportation, it crumbles to dust.
You feel strangely unstable. You block the unseen horror's attack.
The orc completely misses you.
The deep elf annihilator gestures at you while chanting.
The iron shot hits you! You block the tengu reaver's attack.
The tengu reaver pecks you!
The tengu reaver claws you but does no damage.
The iguana bites you!
You die...

You could see a tengu reaver, 2 deep elf annihilators, an unseen horror (invisible), an iguana, a crimson imp and an orc.

Vanquished Creatures
  Kirke (D:12)
  A stone giant (D:13)
  A hydra (D:13)
  2 centaur warriors (D:13)
  Urug (D:10)
  4 orc knights (Bailey)
  4 hill giants
  5 ice statues (IceCv)
  2 unseen horrors
  2 ugly things (D:11)
  A necromancer (IceCv)
  A griffon (D:13)
  2 cyclopes
  Joseph (D:8)
  Psyche (D:9)
  A merfolk (D:9)
  5 trolls
  5 blue devils (IceCv)
  A polar bear (D:13)
  A blink frog (D:11)
  8 slime creatures (D:12)
  16 yaks
  A trapdoor spider (D:13)
  A vampire (D:13)
  3 deep elf magi
  2 centaur simulacra (D:13)
  2 hogs (shapeshifter) (D:13)
  5 hippogriffs
  7 humans (D:12)
  A wolf (D:13)
  2 mottled dragons (D:12)
  A soldier ant (D:12)
  12 orc warriors
  A water moccasin (D:5)
  6 ice beasts
  5 sky beasts
  A phantom (D:11)
  3 black bears
  12 centaurs
  14 ogres
  2 big kobolds (D:8)
  9 giant frogs
  A wyvern skeleton (D:12)
  5 scorpions
  A water moccasin skeleton (D:11)
  7 killer bees
  13 wights
  7 orc priests
  2 draconian simulacra (IceCv)
  6 crimson imps
  2 electric eels (D:13)
  2 giant frog zombies
  A quasit (D:7)
  3 centaur skeletons
  4 centaur zombies
  2 gnoll shamans
  8 iguanas
  4 jellies
  10 orc wizards
  A giant frog skeleton (D:4)
  5 hounds
  Natasha (thrice) (D:4)
  10 worker ants
  A troll simulacrum (IceCv)
  2 spriggan simulacra (IceCv)
  A giant frog simulacrum (D:13)
  A worker ant zombie (D:8)
  13 gnolls
  16 adders
  4 naga simulacra (IceCv)
  An ogre simulacrum (IceCv)
  2 shadow imps
  2 white imps (D:13)
  5 ufetubi (D:13)
  An adder skeleton (D:7)
  4 worms
  A giant gecko (D:4)
  104 orcs
  2 ball pythons
  16 bats
  6 giant cockroaches
  15 goblins
  15 hobgoblins
  19 jackals
  5 quokkas
  7 giant newts
  2 goblin zombies (D:8)
  2 hobgoblin zombies (D:8)
  24 kobolds
  2 kobold skeletons (D:8)
  A kobold zombie (D:8)
  4 orc zombies (D:8)
  12 rats
543 creatures vanquished.

Vanquished Creatures (others)
  2 ghouls (D:1)
  An unseen horror (D:13)
  2 draconians (D:1)
  An octopode (D:1)
  A polar bear (D:13)
  2 formicids (D:1)
  A spriggan (D:1)
  A vampire (D:1)
  A human (D:1)
  2 nagas (D:1)
  2 ogres (D:1)
  An orc (D:1)
  A goblin skeleton (D:8)
  6 tentacles (D:1)
  89 tentacle segments (D:1)
113 creatures vanquished.

Grand Total: 656 creatures vanquished

Action                   |  1- 3 |  4- 6 |  7- 9 | 10-12 | 13-15 || total
-------------------------+-------+-------+-------+-------+-------++-------
Melee: Unarmed           |    15 |       |       |       |       ||    15
       Short sword       |    52 |     3 |   146 |   394 |    61 ||   656
       Dagger            |     7 |   151 |   425 |   901 |   157 ||  1641
 Fire: Blowgun           |       |     8 |    27 |    87 |       ||   122
 Cast: Pain              |    30 |    30 |    15 |    14 |       ||    89
       Vampiric Draining |     1 |     6 |    31 |   102 |    14 ||   154
       Regeneration      |       |     2 |     8 |    47 |    11 ||    68
       Repel Missiles    |       |       |     2 |     2 |       ||     4
       Agony             |       |       |       |       |    21 ||    21
       Dispel Undead     |       |       |       |       |     7 ||     7
Invok: Sacrifice Love    |       |       |     1 |       |       ||     1
       Sacrifice Purity  |       |       |     1 |       |       ||     1
       Reject Sacrifices |       |       |     1 |     1 |     1 ||     3
Evoke: Wand              |       |       |     2 |    12 |       ||    14
  Use: Potion            |     3 |     1 |     2 |     9 |     1 ||    16
       Scroll            |       |       |     8 |    17 |     2 ||    27
 Stab: Sleeping          |     8 |    10 |    17 |    27 |     1 ||    63
       Invisible         |       |       |     3 |       |       ||     3
       Paralysed         |       |       |     3 |       |       ||     3
       Distracted        |       |       |     1 |     6 |     4 ||    11
  Eat: Corpse            |    10 |    19 |    36 |    59 |     8 ||   132

Vault maps used:
D:1:      nicolae_arrival_kraken_aquarium_b
D:2:      serial_forest, infiniplex_forest_end_2, infiniplex_forest_lined_2,
          infiniplex_forest_lined_corner, infiniplex_forest_end_3,
          infiniplex_forest_clump_long
D:3:      lightli_temple_of_fire, nicolae_ru_path_of_blood,
          hangedman_decor_peaks_small, kennysheep_decorative_pillar,
          minmay_misc_feat_secret_circle
D:4:      minmay_door_path, lightli_corner_chamber, uniq_natasha
D:5:      old_standard_altar, minmay_temple_entry_hall, first_bread
D:6:      nemelex_deck, kennysheep_mini
D:8:      nicolae_tso_besieged_by_evil, serial_shops, shop, shop, uniq_joseph
D:9:      lemuel_coloured_pillars_altar, enter_bailey_3, hangedman_fish_farm,
          kennysheep_potato, uniq_psyche
D:10:     hiddenorc1_lemuel, uniq_urug
D:11:     dpeg_lair_monsters, serial_shops, shop
D:12:     serial_shops, shop, uniq_kirke
D:13:     kennysheep_treasure_stockpile, serial_ice, serial_ice_l, serial_ice_o,
          serial_ice_h, serial_ice_a, serial_ice_d, serial_ice_b,
          portal_ice_cave_entry_pillars_01, nicolae_twisting_strands
Bailey:   bailey_polearm_5, bailey
IceCv:    ice_cave_tombish
